 Dungeon Crawl Stone Soup version 0.24-a0-244-ga6a6ab7 (webtiles) character file.

Game seed: 8238539208788166027

5 robertstho the Charmwright (level 1, 0/14 HPs)
             Began as a Halfling Skald on Apr 11, 2019.
             Slain by a ball python (1 damage)
             ... on level 1 of the Dungeon.
             The game lasted 00:01:14 (164 turns).

robertstho the Charmwright (Halfling Skald)          Turns: 164, Time: 00:01:15

Health: 0/14       AC:  3    Str: 12    XL:     1   Next: 88%
Magic:  3/3        EV: 11    Int: 11    God:
Gold:   40         SH:  0    Dex: 13    Spells: 2/3 levels left

rFire    . . .     SeeInvis .   a - +0 falchion
rCold    . . .     Gourm    .   (shield restricted)
rNeg     . . .     Faith    .   b - +0 leather armour
rPois    .         Spirit   .   (no helmet)
rElec    .         Reflect  .   (no cloak)
rCorr    .         Harm     .   (no gloves)
MR       .....                  (no boots)
Stlth    +.........             (no amulet)
HPRegen  0.04/turn              (no ring)
MPRegen  0.08/turn              (no ring)

@: constricted
A: small, mutation resistance 1
a: no special abilities


You were on level 1 of the Dungeon.
You were not hungry.

You visited 1 branch of the dungeon, and saw 1 of its levels.

You collected 40 gold pieces.

Inventory:

Hand Weapons
 a - a +0 falchion (weapon)
Missiles
 g - 19 sling bullets
Armour
 b - a +0 leather armour (worn)
Scrolls
 e - a scroll of teleportation {unknown}
 h - a scroll of magic mapping {unknown}
Potions
 f - a potion of curing {unknown}
Comestibles
 c - 2 chunks of flesh
 d - 2 rations


   Skills:
 + Level 2.0 Fighting
 + Level 2.0 Long Blades
 + Level 1.2 Armour
 * Level 2.2 Dodging
 + Level 1.5 Spellcasting
 + Level 3.4 Charms


You had 2 spell levels left.
You knew the following spells:

 Your Spells              Type           Power        Failure   Level  Hunger
a - Infusion              Chrm           #...         10%         1    ##.....

Your spell library contained the following spells:

 Spells                   Type           Power        Failure   Level  Hunger
 Song of Slaying          Chrm           #.......     14%         2    ###....
 Shroud of Golubria       Chrm/Tloc      #.........   28%         2    ###....
 Regeneration             Chrm/Necr      #.........   50%         3    ####...
 Spectral Weapon          Hex/Chrm       #.......     50%         3    ####...


Dungeon Overview and Level Annotations

Branches:
Dungeon (1/15)

Altars:


Innate Abilities, Weirdness & Mutations

You are small and have problems with some larger weapons.
You are somewhat resistant to further mutation.


Message History

You barely miss the ball python. The ball python bites you.
The ball python constricts you.
You completely miss the ball python. The ball python bites you.
* * * LOW HITPOINT WARNING * * *
The ball python constricts you. The ball python bites you.
* * * LOW HITPOINT WARNING * * *
The ball python constricts you.
You hit the ball python but do no damage.
The ball python bites you.
* * * LOW HITPOINT WARNING * * *
The ball python constricts you.
You hit the ball python but do no damage.
The ball python bites you but does no damage.
The ball python constricts you.
The ball python bites you but does no damage.
The ball python constricts you.
You hit the ball python.
The ball python is severely wounded.
The ball python barely misses you.
You die...

####### ####.....# ####
.........#############...
#.....................
#?...@####.###.##.#.##
#.....S.....# #.##.#.##
...>......###.# #.#......
#.#$.[....# #.. ..#..#.##
#.......... ... .....#.#
###.......%######.......#
#........# #........
.......... ... ...# ..


You could see a ball python.

Vanquished Creatures
  A hobgoblin (D:1)
  2 bats (D:1)
  A frilled lizard (D:1)
  A kobold (D:1)
  A rat (D:1)
6 creatures vanquished.

Notes
Turn   | Place    | Note
-------+----------+-------------------------------------------
     0 | D:1      | robertstho the Halfling Skald began the quest for the Orb.
     0 | D:1      | Reached XP level 1. HP: 14/14 MP: 3/3
   164 | D:1      | Slain by a ball python

Levels and vault maps discovered:
D:1:      ncdulo_halloftheorcs, layout_loops_ring

Skill      XL: |  1 |
---------------+----+-----
Fighting       | 2 |  2.0
Long Blades    | |  2.0
Armour         | |  1.2
Dodging        | |  2.2
Spellcasting   | |  1.5
Charms         | |  3.4

Action                   || total
-------------------------++-------
Melee: Falchion          ||    22
 Cast: Infusion          ||     1
Armor: Leather armour    ||    13
Dodge: Dodged            ||    24
       Rpst.: Falchion   ||     7

Table legend:
 A = Non-vault XP
 B = Vault XP
 C = Vault XP percentage of total XP
 D = Non-vault monster count
 E = Vault monster count
 F = Vault count percentage of total count
                 A         B        C        D         E       F
            +---------+---------+-------+---------+---------+-------
      Total |       8 |       0 |   0.0 |       6 |       0 |   0.0
            +---------+---------+-------+---------+---------+-------
        D:1 |       8 |       0 |   0.0 |       6 |       0 |   0.0
            +---------+---------+-------+---------+---------+-------
